 Dungeon Crawl Stone Soup version 0.18.1-50-g88ac8fd (webtiles) character file.

43 grisgris the Caller (level 3, 0/19 HPs)
             Began as a Deep Elf Summoner on Nov 10, 2016.
             Succumbed to an adder's poison
             ... on level 2 of the Dungeon.
             The game lasted 00:04:03 (998 turns).

grisgris the Caller (Deep Elf Summoner)              Turns: 998, Time: 00:04:04

Health: 0/19       AC:  2    Str:  7    XL:     3   Next: 37%
Magic:  4/10       EV: 13    Int: 20    God:
Gold:   68         SH:  0    Dex: 15    Spells: 2 memorised, 7 levels left

rFire  + . .     SeeInvis .     k - +0 dagger (venom)
rCold  x . .     Gourm    .     a - +0 robe
rNeg   . . .     Faith    .     (no shield)
rPois  .         Spirit   .     (no helmet)
rElec  .         Dismiss  .     (no cloak)
rCorr  .         Reflect  .     (no gloves)
SustAt .         Harm     .     (no boots)
MR     .....                    (no amulet)
Stlth  ++........               (no ring)
                                d - ring of fire

@: lethally poisoned (0 -> -3), not resistant to hostile enchantments,
unstealthy
A: mutation resistance 1, strong 1
a: no special abilities


You were on level 2 of the Dungeon.
You were full.

You visited 1 branch of the dungeon, and saw 2 of its levels.

You collected 68 gold pieces.

Inventory:

Hand Weapons
 g - a +0 dagger
 k - a +0 dagger of venom (weapon)
Armour
 a - a +0 robe (worn)
Jewellery
 d - a ring of fire (left hand)
Scrolls
 e - a scroll of fog {unknown}
 i - a scroll of identify {unknown}
 j - a scroll of noise {unknown}
Books
 b - a book of Callings

   Spells                             Type                      Level
   a - Summon Small Mammal            Summoning                    1
   b - Call Imp                       Summoning                    2
   c - Call Canine Familiar           Summoning                    3
   d - Summon Guardian Golem          Hexes/Summoning              3
   e - Summon Lightning Spire         Summoning/Air                4
   f - Summon Ice Beast               Ice/Summoning                4
Comestibles
 c - a bread ration
 f - 2 beef jerkies
 m - a chunk of flesh


   Skills:
 + Level 2.9 Dodging
 - Level 2.4 Stealth
 * Level 4.2 Spellcasting
 * Level 4.8 Summonings


You had 7 spell levels left.
You knew the following spells:

 Your Spells              Type           Power        Failure   Level  Hunger
a - Summon Small Mammal   Summ           ###.         1%          1    None
b - Call Imp              Summ           ###.....     2%          2    #......


Dungeon Overview and Level Annotations

Branches:
Dungeon (2/15)

Altars:
Ashenzari


Innate Abilities, Weirdness & Mutations

You are somewhat resistant to further mutation.
Your muscles are strong. (Str +2)


Message History

Your white imp disappears in a puff of smoke!
You see here a giant cockroach corpse.
* * * LOW HITPOINT WARNING * * *
You feel sick.
You see here 21 stones.
You see here a rat skeleton.
You aren't carrying any potions.
Eat which item? (? for menu, Esc to quit)
You continue eating.
* * * LOW HITPOINT WARNING * * *
You feel sick.
You continue eating.
You finish eating.
That meat ration really hit the spot!
There is a lethal amount of poison in your body!
There is a lethal amount of poison in your body!
There is a lethal amount of poison in your body!
There is a lethal amount of poison in your body!
There is a lethal amount of poison in your body!
There is a lethal amount of poison in your body!
You die...

#.# #.# #.# #.#########
####..<....... ######
.......#########....#
.......#.......'....#
.......#.#######....#
.......#.# #@...##
.......#.# #55...####
.......#'#### #........#
............# #........#
####...........####†....#
#........##..+_#...#.#
#........# ####.....#
#####+#### #........#
#........#


You could see a friendly crimson imp and a friendly white imp.

Vanquished Creatures
  A giant gecko (D:1)
  A ball python (D:1)
  2 bats (D:1)
  A giant cockroach (D:2)
  2 goblins (D:1)
  2 hobgoblins (D:1)
  3 rats
12 creatures vanquished.

Vanquished Creatures (collateral kills)
  3 adders (D:2)
  A dart slug (D:2)
  A giant gecko (D:1)
  A bat (D:1)
  5 goblins (D:1)
  A hobgoblin (D:1)
  5 giant newts
  4 rats
21 creatures vanquished.

Grand Total: 33 creatures vanquished

Notes
Turn   | Place    | Note
--------------------------------------------------------------
     0 | D:1      | grisgris the Deep Elf Summoner began the quest for the Orb.
     0 | D:1      | Reached XP level 1. HP: 10/10 MP: 6/6
   301 | D:1      | Reached XP level 2. HP: 15/15 MP: 8/8
   305 | D:1      | Learned a level 2 spell: Call Imp
   939 | D:2      | Found a shattered altar of Ashenzari.
   980 | D:2      | Reached XP level 3. HP: 8/19 MP: 3/10
   981 | D:2      | Gained mutation: You are somewhat resistant to further mutation. [potion of mutation]
   981 | D:2      | Gained mutation: Your muscles are strong. (Str +2) [potion of mutation]
   998 | D:2      | Succumbed to an adder's poison

Skill      XL: |  1  2 |
---------------+-------+-----
Spellcasting   | 4 |  4.2
Dodging        | |  2.9
Stealth        | |  2.4
Summonings     | |  4.8

Action                   || total
-------------------------++-------
Melee: Dagger            ||    43
 Cast: Summon Small Mamm ||    22
       Call Imp          ||     9
  Use: Potion            ||     1
 Stab: Sleeping          ||     2
  Eat: Meat ration       ||     1
Armor: Robe              ||     7
Dodge: Dodged            ||    37
